 Dungeon Crawl Stone Soup version 0.21-a0-270-g8204059 (webtiles) character file.

223 motkurip the Insei (level 6, -2/38 HPs)
             Began as a Tengu Monk on Sept 14, 2017.
             Slain by a scorpion (8 damage)
             ... on level 4 of the Dungeon.
             The game lasted 00:06:26 (1593 turns).

motkurip the Insei (Tengu Monk)                     Turns: 1593, Time: 00:06:26

Health: -2/38      AC:  5    Str:  9 (12) XL:     6   Next: 0%
Magic:  6/7        EV: 16    Int: 14 (15) God:
Gold:   186        SH:  0    Dex: 15 (18) Spells: 5/5 levels left

rFire    . . .     SeeInvis .     - Unarmed
rCold    . . .     Gourm    .   (no shield)
rNeg     . . .     Faith    .   e - +0 leather armour
rPois    .         Spirit   .   (helmet restricted)
rElec    .         Reflect  .   r - +0 cloak
rCorr    .         Harm     .   m - +0 pair of gloves
MR       .....                  (boots unavailable)
Stlth    ++........             (no amulet)
HPRegen  0.12/turn              (no ring)
MPRegen  0.10/turn              (no ring)

@: brilliant, lethally poisoned (-2 -> -9), flying quickly and evasively, quick
A: beak, talons 3, able to fly 1
a: no special abilities


You were on level 4 of the Dungeon.
You were hungry.

You visited 1 branch of the dungeon, and saw 4 of its levels.

You collected 186 gold pieces.

Inventory:

Hand Weapons
 a - a +4 quarterstaff of chaos
Armour
 e - a +0 leather armour (worn)
 h - a +0 ring mail
 m - a +0 pair of gloves (worn)
 r - a +0 cloak (worn)
Scrolls
 d - 2 scrolls of teleportation {unknown}
 g - 4 scrolls of immolation {unknown}
 i - a scroll of magic mapping {unknown}
 k - 3 scrolls of enchant weapon {unknown}
 l - a scroll of blinking {unknown}
 o - a scroll of amnesia {unknown}
 q - a scroll of identify {unknown}
 t - a scroll of random uselessness {unknown}
 u - a scroll of remove curse {unknown}
Comestibles
 b - 4 bread rations
 c - a fruit
 f - a meat ration
 s - a royal jelly


   Skills:
 + Level 3.8 Fighting
 + Level 1.6 Armour
 + Level 4.3 Dodging
 - Level 2.0 Stealth
 * Level 5.4 Unarmed Combat


You had 5 spell levels left.
You didn't know any spells.

Dungeon Overview and Level Annotations

Branches:
Dungeon (4/15)
 Temple: D:4-7

Altars:
Qazlal
Ru

Annotations:
D:3 motkurip's ghost, amateur DsMo
D:4 Eustachio


Innate Abilities, Weirdness & Mutations

You have a beak for a mouth.
You have claws for feet.
You can fly.


Message History

You feel sick. The scorpion misses you.
It was a potion of curing.
You feel better. The scorpion barely misses you.
You hit the scorpion.
The scorpion is severely wounded.
The scorpion closely misses you.
You hit the scorpion but do no damage. Your kick misses the scorpion.
The scorpion is severely wounded.
The scorpion stings you.
* * * LOW HITPOINT WARNING * * *
You are lethally poisoned!
The scorpion poisons you!
You barely miss the scorpion. You peck the scorpion.
The scorpion is severely wounded.
* * * LOW HITPOINT WARNING * * *
You feel sick. The scorpion closely misses you.
You closely miss the scorpion. You claw the scorpion.
The scorpion is almost dead.
* * * LOW HITPOINT WARNING * * *
You feel sick. The scorpion stings you!
You die...

#.... #.#.# #.#.#
#.#.# #.#.#
#.#.######
##.#.......
##.#####..........
#...†@ss<.#..#####
.....######.#..#
### #....# #..#.#
#..#s# #..#.#
#..#.# #..#


You could see 2 scorpions.

Vanquished Creatures
  An orc wizard (D:2)
  Crazy Yiuf (D:2)
  An iguana (D:4)
  Jessica (D:2)
  3 adders
  A shadow imp (D:3)
  An ooze (D:1)
  3 dart slugs
  A leopard gecko (D:3)
  3 orcs (D:2)
  5 giant cockroaches
  6 goblins
  7 hobgoblins
  5 jackals
  5 bats
  2 frilled lizards
  12 kobolds
  13 rats
71 creatures vanquished.

Notes
Turn   | Place    | Note
-------+----------+-------------------------------------------
     0 | D:1      | motkurip the Tengu Monk began the quest for the Orb.
     0 | D:1      | Reached XP level 1. HP: 14/14 MP: 2/2
    97 | D:1      | Reached XP level 2. HP: 14/19 MP: 3/3
   224 | D:1      | Reached skill level 4 in Unarmed Combat
   257 | D:1      | Reached XP level 3. HP: 9/23 MP: 4/4
   451 | D:2      | Reached XP level 4. HP: 2/28 MP: 5/5
   674 | D:2      | Noticed Jessica
   679 | D:2      | Killed Jessica
   707 | D:2      | Found a stormy altar of Qazlal.
   712 | D:2      | Gained mutation: You can fly. [Tengu growth]
   712 | D:2      | Reached XP level 5. HP: 27/32 MP: 6/6
   868 | D:3      | Reached skill level 5 in Unarmed Combat
   895 | D:3      | Reached skill level 1 in Armour
   940 | D:3      | Noticed motkurip's ghost (amateur DsMo)
  1070 | D:2      | Found a runed door.
  1171 | D:2      | Noticed Crazy Yiuf
  1177 | D:2      | Killed Crazy Yiuf
  1298 | D:3      | Found a sacrificial altar of Ru.
  1523 | D:4      | Noticed Eustachio
  1572 | D:4      | Reached XP level 6. HP: 11/38 MP: 4/7
  1593 | D:4      | Slain by a scorpion

Vault maps used:
D:1:      dpeg_arrival_pond, minmay_misc_feat_four_crosses
D:2:      lemuel_doored_altar, uniq_crazy_yiuf_cottage, uniq_jessica
D:3:      nicolae_ru_awakened_eye, first_bread, grunt_ministairs_10
D:4:      gammafunk_temple_overflow_statue, kennysheep_windowed_goal,
          uniq_eustachio

Skill      XL: |  1  2  3  4  5 |
---------------+----------------+-----
Unarmed Combat | 4 5 |  5.4
Dodging        | 4 |  4.3
Armour         | 1 |  1.6
Fighting       | |  3.8
Stealth        | |  2.0

Action                   |  1- 3 |  4- 6 || total
-------------------------+-------+-------++-------
Melee: Unarmed           |    85 |   102 ||   187
       Kick              |    15 |    30 ||    45
       Peck              |    13 |    15 ||    28
 Abil: Fly               |       |     3 ||     3
  Use: Potion            |       |     3 ||     3
 Stab: Sleeping          |     2 |     2 ||     4
  Eat: Chunk             |       |     2 ||     2
Armor: Leather armour    |     6 |    11 ||    17
Dodge: Dodged            |    51 |    78 ||   129

Table legend:
 A = Spawn XP
 B = Non-spawn XP
 C = Spawn XP percentage of total XP
 D = Spawn monster count
 E = Non-spawn monster count
 F = Spawn count percentage of total count
 G = Total turns spent on level
                    A         B        C        D         E        F      G
               +---------+---------+-------+---------+---------+-------+---------
         Total |       0 |     319 |   0.0 |       0 |      71 |   0.0 |  1593
               +---------+---------+-------+---------+---------+-------+---------
           D:1 |       0 |      48 |   0.0 |       0 |      26 |   0.0 |   545
           D:2 |       0 |     167 |   0.0 |       0 |      25 |   0.0 |   593
           D:3 |       0 |      59 |   0.0 |       0 |      16 |   0.0 |   394
           D:4 |       0 |      45 |   0.0 |       0 |       4 |   0.0 |    61
               +---------+---------+-------+---------+---------+-------+---------
